 Dungeon Sprint DCSS version 0.21-a0-279-g6037ffb (webtiles) character file.

19413 Kidiri the Eclecticist (level 12, -10/73 HPs)
             Began as a Deep Elf Fire Elementalist on Sept 23, 2017.
             Was the Champion of Vehumet.
             Engulfed by a cloud of flame (26 damage)
             ... in the Dungeon (Sprint VII: "The Pits").
             The game lasted 00:18:51 (2815 turns).

Kidiri the Eclecticist (Deep Elf Fire Elementalist) Turns: 2815, Time: 00:18:52

Health: -10/73     AC:  7    Str:  5    XL:     12   Next: 36%
Magic:  13/39      EV: 22    Int: 29    God:    Vehumet [******]
Gold:   22         SH: 10    Dex: 18    Spells: 3/46 levels left

rFire    . . .     SeeInvis .   j - +5 rapier (drain)
rCold    . . .     Gourm    .   y - +1 shield
rNeg     . . .     Faith    .   a - +0 robe
rPois    .         Spirit   .   b - +0 Maxwell's etheric cage {RegenMP+ *Contam rElec MP+4}
rElec    +         Reflect  .   v - +1 cloak
rCorr    .         Harm     .   (no gloves)
MR       +....     NoTele   +   w - +0 pair of boots
Stlth    +.........             (no amulet)
HPRegen  0.22/turn              r - +3 ring of dexterity
MPRegen  0.26/turn              s - +3 ring of intelligence

@: contaminated, glowing
A: repulsion field 1, mutation resistance 1
a: Renounce Religion


You were in the Dungeon.
You worshipped Vehumet.
Vehumet was exalted by your worship.
You were hungry.

You visited 1 branch You collected 22 gold pieces.

Inventory:

Hand Weapons
 j - a +5 rapier of draining (weapon)
Armour
 a - a +0 robe (worn)
 b - the +0 Maxwell's etheric cage (worn) {RegenMP+ *Contam rElec MP+4}
   (You found it in the Dungeon)

   It insulates you from electricity.
   It affects your magic capacity (+4).
   It causes magical contamination when unequipped.
 v - a +1 cloak (worn)
 w - a +0 pair of boots (worn)
 y - a +1 shield (worn)
 C - a +2 hat of intelligence
Jewellery
 r - a +3 ring of dexterity (left hand)
 s - a +3 ring of intelligence (right hand)
 A - an uncursed ring of see invisible
Wands
 k - a wand of acid (6/15)
Scrolls
 i - 3 scrolls of blinking
 m - 3 scrolls of remove curse
 n - 5 scrolls of amnesia
 o - a scroll of summoning
 B - a scroll of immolation
 E - a scroll of recharging
 F - 2 scrolls of fog
Potions
 d - 10 potions of curing
 e - 13 potions of heal wounds
 f - a potion of haste
 g - 2 potions of magic
 h - 4 potions of berserk rage
 l - 2 potions of invisibility
 t - a potion of agility
 u - 4 potions of brilliance
 z - 2 potions of might
Comestibles
 c - 8 bread rations
 p - 40 fruits
 q - 7 meat rations
 x - 2 chunks of flesh


   Skills:
 + Level 8.1 Fighting
 + Level 9.8 Short Blades
 + Level 8.1 Armour
 + Level 12.2 Dodging
 - Level 4.4 Stealth
 + Level 4.8 Shields
 * Level 17.7 Spellcasting
 + Level 10.8 Conjurations
 + Level 12.8 Fire Magic
 + Level 6.0 Ice Magic
 + Level 8.3 Air Magic
 + Level 8.1 Earth Magic
 + Level 9.1 Poison Magic


You had 3 spell levels left.
You knew the following spells:

 Your Spells              Type           Power        Failure   Level  Hunger
a - Flame Tongue          Conj/Fire      #####        1%          1    None
b - Throw Flame           Conj/Fire      ######       1%          2    None
c - Conjure Flame         Conj/Fire      #######.     1%          3    None
d - Inner Flame           Hex/Fire       ######..     1%          3    None
e - Sticky Flame          Conj/Fire      #######.     1%          4    None
f - Fireball              Conj/Fire      #######...   1%          5    None
g - Bolt of Magma         Conj/Fire/Erth ######....   1%          5    None
h - Freezing Cloud        Conj/Ice/Air   ######....   9%          6    ##.....
i - Bolt of Cold          Conj/Ice       ######....   8%          6    ##.....
j - Lightning Bolt        Conj/Air       ######....   1%          5    None
k - Mephitic Cloud        Conj/Pois/Air  ######..     1%          3    None


Dungeon Overview and Level Annotations

Branches:
Dungeon (1/1)

Altars:
Ashenzari
Cheibriados
Dithmenos
Elyvilon
Fedhas
Gozag
Hepliaklqana
Kikubaaqudgha
Makhleb
Nemelex Xobeh
Okawaru
Qazlal
Ru
Sif Muna
Trog
Uskayaw
Vehumet
Wu Jian
Xom
Yredelemnul
Zin
The Shining One
Beogh
Jiyva
Lugonu


Innate Abilities, Weirdness & Mutations

You are surrounded by a mild repulsion field. (EV +2)
You are somewhat resistant to further mutation.


Message History

Aim: a fire crab (flame, almost dead)
You miscast Bolt of Cold.
You are contaminated with residual magic.
Nothing appears to happen.
The fire crab breathes flames at you. The blast of flame misses you.
Unknown command.
Casting: Bolt of Cold
Confirm with . or Enter, or press ? or * to list all spells.
Aiming: Bolt of Cold
Press: ? - help, Shift-Dir - straight line, f/p - fire crab
Aim: a fire crab (flame, almost dead)
The bolt of cold hits the fire crab.
You kill the fire crab!
Vehumet accepts your kill.
You feel your power returning.
Your Ice Magic skill increases to level 6!
You hear a sizzling sound!
You are engulfed in blazing flames.
You die...

#++##########################
#........(§§§§...............
#.(......)§§@.§....(...%.....
#..##############''##########
#..# ........ #..# #W.......#
#[.# ####.. ### #))# ... #..#
..oo #).#


o.oo #####).# There were no monsters in sight!

Vanquished Creatures
  Gastronok (D)
  An orc warlord (D)
  A ghost moth (D)
  A minotaur (D)
  A hydra (D)
  An alligator snapping turtle (D)
  Erica (D)
  An alligator (D)
  A death yak (D)
  A fire crab (D)
  A deep troll (D)
  6 orc knights (D)
  4 harpies (D)
  An orc sorcerer (D)
  3 orange demons (D)
  A guardian mummy (D)
  A hornet (D)
  A snapping turtle (D)
  A bog body (D)
  2 shadows (D)
  A water elemental (D)
  A flying skull (D)
  A redback (D)
  2 wyverns (D)
  A basilisk (D)
  A small abomination (D)
  2 wargs (D)
  A water moccasin (D)
  A floating eye (D)
  A porcupine (D)
  3 orc warriors (D)
  A swamp drake (D)
  2 phantoms (D)
  3 ogres (D)
  An eye of draining (D)
  A necrophage (D)
  A wolf (D)
  3 centaurs (D)
  3 gnoll sergeants (D)
  A scorpion (D)
  3 killer bees (D)
  2 crimson imps (D)
  2 jellies (D)
  A gnoll shaman (D)
  A hell rat (D)
  A worker ant (D)
  An adder (D)
  18 gnolls (D)
  A white imp (D)
  An ooze (D)
  A worm (D)
  2 leopard geckos (D)
  7 orcs (D)
  A bat skeleton (D)
  2 giant cockroaches (D)
  A goblin (D)
  A bat (D)
  A frilled lizard (D)
  A rat (D)
110 creatures vanquished.

Notes
Turn   | Place    | Note
-------+----------+-------------------------------------------
     0 | D        | Kidiri the Deep Elf Fire Elementalist began the quest for the Orb.
     0 | D        | Reached XP level 1. HP: 10/10 MP: 6/6
    56 | D        | Found a bloodstained altar of Trog.
    56 | D        | Found a deep blue altar of Sif Muna.
    56 | D        | Found a viscous altar of Jiyva.
    56 | D        | Found a hazy altar of Hepliaklqana.
    56 | D        | Found an opulent altar of Gozag.
    57 | D        | Found a glowing golden altar of the Shining One.
    57 | D        | Found a glowing silver altar of Zin.
    57 | D        | Found a basalt altar of Yredelemnul.
    57 | D        | Found a shimmering altar of Xom.
    57 | D        | Found an ornate altar of the Wu Jian Council.
    57 | D        | Found a sacrificial altar of Ru.
    57 | D        | Found a stormy altar of Qazlal.
    57 | D        | Found an iron altar of Okawaru.
    57 | D        | Found a sparkling altar of Nemelex Xobeh.
    57 | D        | Found a burning altar of Makhleb.
    57 | D        | Found a blossoming altar of Fedhas.
    57 | D        | Found a white marble altar of Elyvilon.
    57 | D        | Found a shadowy altar of Dithmenos.
    57 | D        | Found a snail-covered altar of Cheibriados.
    59 | D        | Found a radiant altar of Vehumet.
    59 | D        | Found a corrupted altar of Lugonu.
    59 | D        | Found a roughly hewn altar of Beogh.
    60 | D        | Found a hide-covered altar of Uskayaw.
    60 | D        | Found an ancient bone altar of Kikubaaqudgha.
    60 | D        | Found a shattered altar of Ashenzari.
    69 | D        | Became a worshipper of Vehumet
   111 | D        | Noticed a floating eye
   113 | D        | Killed a floating eye
   113 | D        | Reached skill level 6 in Spellcasting
   113 | D        | Reached XP level 2. HP: 15/15 MP: 4/11
   113 | D        | Reached XP level 3. HP: 19/19 MP: 4/12
   113 | D        | Reached XP level 4. HP: 24/24 MP: 4/14
   119 | D        | Reached * piety under Vehumet
   119 | D        | Offered knowledge of Sandblast by Vehumet.
   123 | D        | Learned a level 2 spell: Throw Flame
   127 | D        | Learned a level 3 spell: Conjure Flame
   131 | D        | Learned a level 3 spell: Inner Flame
   136 | D        | Learned a level 4 spell: Sticky Flame
   218 | D        | Reached ** piety under Vehumet
   281 | D        | Noticed an ogre
   281 | D        | Noticed a gnoll sergeant
   284 | D        | Noticed a centaur
   285 | D        | Noticed a water moccasin
   287 | D        | Offered knowledge of Freeze by Vehumet.
   287 | D        | Reached XP level 5. HP: 28/28 MP: 5/16
   290 | D        | Reached *** piety under Vehumet
   290 | D        | Reached skill level 1 in Fighting
   290 | D        | Reached skill level 1 in Short Blades
   290 | D        | Reached skill level 1 in Armour
   290 | D        | Reached skill level 7 in Spellcasting
   290 | D        | Killed a centaur
   290 | D        | Reached skill level 5 in Dodging
   290 | D        | Reached skill level 8 in Spellcasting
   290 | D        | Killed a water moccasin
   290 | D        | Reached skill level 9 in Spellcasting
   290 | D        | Reached XP level 6. HP: 36/36 MP: 5/20
   290 | D        | Reached **** piety under Vehumet
   290 | D        | Reached skill level 10 in Spellcasting
   290 | D        | Reached skill level 5 in Conjurations
   293 | D        | Reached XP level 7. HP: 41/41 MP: 5/22
   317 | D        | Reached ***** piety under Vehumet
   446 | D        | Learned a level 5 spell: Fireball
   448 | D        | Offered knowledge of Static Discharge by Vehumet.
   467 | D        | Noticed a hornet
   470 | D        | Killed a hornet
   470 | D        | Reached skill level 11 in Spellcasting
   664 | D        | Offered knowledge of Mephitic Cloud by Vehumet.
   664 | D        | Reached skill level 5 in Short Blades
   669 | D        | Learned a level 3 spell: Mephitic Cloud
   672 | D        | Offered knowledge of Dazzling Spray by Vehumet.
   676 | D        | Reached skill level 1 in Poison Magic
   676 | D        | Reached XP level 8. HP: 34/48 MP: 7/25
   681 | D        | Reached skill level 1 in Air Magic
   787 | D        | Noticed an orange demon
   787 | D        | Noticed an orange demon
   791 | D        | Killed an orange demon
   791 | D        | Reached skill level 12 in Spellcasting
   791 | D        | Reached skill level 10 in Fire Magic
   792 | D        | Killed an orange demon
   821 | D        | Gained mutation: You are surrounded by a mild repulsion field. (EV +2) [potion of mutation]
   821 | D        | Gained mutation: You are somewhat resistant to further mutation. [potion of mutation]
   961 | D        | Offered knowledge of Bolt of Magma by Vehumet.
   962 | D        | Reached ****** piety under Vehumet
   962 | D        | Reached skill level 5 in Fighting
   962 | D        | Reached skill level 5 in Armour
   962 | D        | Reached XP level 9. HP: 54/54 MP: 19/27
   969 | D        | Learned a level 5 spell: Bolt of Magma
  1013 | D        | Noticed Erica
  1013 | D        | Reached skill level 13 in Spellcasting
  1016 | D        | Killed Erica
  1023 | D        | Offered knowledge of Ozocubu's Refrigeration by Vehumet.
  1305 | D        | Noticed a deep troll
  1317 | D        | Killed a deep troll
  1317 | D        | Reached skill level 14 in Spellcasting
  1317 | D        | Reached skill level 5 in Poison Magic
  1462 | D        | Noticed a death yak
  1462 | D        | Noticed an orc sorcerer
  1463 | D        | Noticed an alligator
  1467 | D        | Killed an alligator
  1467 | D        | Reached skill level 5 in Air Magic
  1467 | D        | Reached XP level 10. HP: 42/60 MP: 11/30
  1471 | D        | Killed an orc sorcerer
  1471 | D        | Offered knowledge of Lightning Bolt by Vehumet.
  1471 | D        | Reached skill level 10 in Dodging
  1472 | D        | Killed a death yak
  1482 | D        | Learned a level 5 spell: Lightning Bolt
  1671 | D        | Noticed a seven-headed hydra
  1674 | D        | Killed a seven-headed hydra
  1674 | D        | Reached skill level 1 in Shields
  1674 | D        | Reached skill level 15 in Spellcasting
  1674 | D        | Reached skill level 5 in Earth Magic
  1816 | D        | Noticed an orc knight
  1817 | D        | Offered knowledge of Freezing Cloud by Vehumet.
  1824 | D        | Killed an orc knight
  1839 | D        | Learned a level 6 spell: Freezing Cloud
  1896 | D        | Found the +0 Maxwell's etheric cage {RegenMP+ *Contam rElec MP+4}
  1898 | D        | Noticed an alligator snapping turtle
  1902 | D        | Killed a ghost moth
  1902 | D        | Reached skill level 1 in Ice Magic
  1902 | D        | Reached XP level 11. HP: 66/66 MP: 18/32
  1903 | D        | Noticed a harpy
  1903 | D        | Noticed a harpy
  1903 | D        | Noticed a harpy
  1905 | D        | Noticed a harpy
  1910 | D        | Offered knowledge of Bolt of Cold by Vehumet.
  1914 | D        | Killed an alligator snapping turtle
  1914 | D        | Killed a harpy
  1914 | D        | Killed a harpy
  1914 | D        | Reached skill level 16 in Spellcasting
  1915 | D        | Killed a harpy
  1942 | D        | Reached skill level 10 in Conjurations
  1943 | D        | Killed a harpy
  2117 | D        | Learned a level 6 spell: Bolt of Cold
  2386 | D        | Noticed an orc knight
  2387 | D        | Offered knowledge of Poison Arrow by Vehumet.
  2392 | D        | Killed an orc knight
  2559 | D        | Offered knowledge of Bolt of Fire by Vehumet.
  2560 | D        | Noticed Gastronok
  2572 | D        | Killed Gastronok
  2572 | D        | Reached skill level 17 in Spellcasting
  2572 | D        | Reached skill level 5 in Ice Magic
  2700 | D        | Noticed an eidolon
  2700 | D        | Noticed an orc knight
  2700 | D        | Noticed an orc knight
  2700 | D        | Noticed an orc knight
  2700 | D        | Noticed an orc knight
  2700 | D        | Noticed an orc warlord
  2700 | D        | Noticed an orc knight
  2701 | D        | Noticed an orc warlord
  2706 | D        | Noticed a minotaur
  2715 | D        | Killed a minotaur
  2715 | D        | Reached XP level 12. HP: 30/73 MP: 23/35
  2720 | D        | Killed an orc warlord
  2751 | D        | HP: 1/73 [orc knight/enchanted war axe (23)]
  2815 | D        | Engulfed by a cloud of flame

Vault maps used:
D:        pitsprint

Skill      XL: |  1  2  3  4  5  6  7  8  9 10 11 12 |
---------------+-------------------------------------+-----
Fire Magic     | 7 8 9 10 11 12 | 12.8
Dodging        | 4 6 7 8 9 10 11 12 | 12.2
Stealth        | 4 |  4.4
Spellcasting   | 6 9 10 11 12 14 15 17 | 17.7
Conjurations   | 2 4 5 6 7 8 9 10 | 10.8
Fighting       | 2 3 4 5 6 7 8 |  8.1
Short Blades   | 3 5 6 7 8 9 |  9.8
Armour         | 2 3 4 5 6 7 8 |  8.1
Poison Magic   | 1 3 5 6 8 9 |  9.1
Air Magic      | 3 5 6 7 8 |  8.3
Earth Magic    | 4 5 7 8 |  8.1
Shields        | 2 4 |  4.8
Ice Magic      | 1 5 6 |  6.0

Action                   |  1- 3 |  4- 6 |  7- 9 | 10-12 || total
-------------------------+-------+-------+-------+-------++-------
Melee: Dagger            |       |       |     3 |       ||     3
       Rapier            |       |       |       |     6 ||     6
 Cast: Flame Tongue      |     5 |    20 |    23 |    15 ||    63
       Inner Flame       |       |     3 |       |    10 ||    13
       Conjure Flame     |       |     1 |     6 |     5 ||    12
       Sticky Flame      |       |       |     5 |     1 ||     6
       Throw Flame       |       |       |     1 |       ||     1
       Mephitic Cloud    |       |       |     1 |       ||     1
       Fireball          |       |       |     7 |       ||     7
       Bolt of Magma     |       |       |    10 |    20 ||    30
       Lightning Bolt    |       |       |       |     7 ||     7
       Freezing Cloud    |       |       |       |     8 ||     8
       Bolt of Cold      |       |       |       |    18 ||    18
  Use: Potion            |       |       |     4 |     3 ||     7
       Scroll            |       |       |       |     7 ||     7
  Eat: Chunk             |       |       |     2 |     6 ||     8
Armor: Robe              |       |     1 |     1 |       ||     2
Dodge: Dodged            |       |     5 |    16 |    22 ||    43
Block: Shield            |       |       |       |     2 ||     2

Table legend:
 A = Spawn XP
 B = Non-spawn XP
 C = Spawn XP percentage of total XP
 D = Spawn monster count
 E = Non-spawn monster count
 F = Spawn count percentage of total count
 G = Total turns spent on level
                    A         B        C        D         E        F      G
               +---------+---------+-------+---------+---------+-------+---------
         Total |       0 |   27734 |   0.0 |       0 |     110 |   0.0 |  2815
               +---------+---------+-------+---------+---------+-------+---------
             D |       0 |   27734 |   0.0 |       0 |     110 |   0.0 |  2815
               +---------+---------+-------+---------+---------+-------+---------
